 Dungeon Sprint DCSS version 0.27-a0-216-g1fbed8a51c (webtiles) character file.

Game seed: 15937295686003636372

53 mhtbhm the Insei (level 3, 0/23 HPs)
             Began as an Octopode Transmuter on Jan 31, 2021.
             Slain by a water elemental (16 damage)
             ... in the Dungeon (Sprint III: "The Ten Rune Challenge").
             The game lasted 00:01:02 (653 turns).

mhtbhm the Insei (Octopode Transmuter)               Turns: 653, Time: 00:01:03

Health: 0/23       AC:  2    Str:  9    XL:     3   Next: 89%
Magic:  2/7        EV: 21    Int: 15    God:
Gold:   24         SH:  0    Dex: 20    Spells: 2/8 levels left

rFire    . . .     SeeInvis .     - Unarmed
rCold    . . .     Faith    .   (shield currently unavailable)
rNeg     . . .     Spirit   .   (helmet currently unavailable)
rPois    x         Reflect  .   (no amulet)
rElec    .         Harm     .   (no ring)
rCorr    .         Rampage  .   (no ring)
Will     .....     NoTele   +   (no ring)
Stlth    ++........             (no ring)
HPRegen  0.07/turn              (no ring)
MPRegen  0.10/turn              (no ring)
                                (no ring)
                                (no ring)

@: spider-form, wereblooded
A: tiny, almost no armour, stealthy swim, (amphibious), 8 rings, (constrict 8),
agile 1
a: End Transformation


You were in the Dungeon.
You were a venomous arachnid creature.
You visited 1 branch You collected 24 gold pieces.

Inventory:

Scrolls
 a - a scroll of amnesia {unknown}
 g - a scroll of blinking
 i - 2 scrolls of holy word {unknown}
 j - 2 scrolls of remove curse {unknown}
 k - a scroll of identify {unknown}
 m - a scroll of immolation {unknown}
Potions
 b - a potion of curing
 c - 2 potions of heal wounds
 d - 2 potions of haste
 e - 2 potions of magic
 f - a potion of berserk rage
 h - a potion of mutation
 l - a potion of resistance {unknown}
 n - a potion of degeneration {unknown}


   Skills:
 + Level 1.1 Fighting
 + Level 3.0 Dodging
 + Level 1.4 Stealth
 + Level 5.7 Unarmed Combat
 + Level 3.4 Spellcasting
 + Level 3.6 Transmutations
 + Level 0.4 Poison Magic


You had 2 spell levels left.
You knew the following spells:

 Your Spells              Type           Power        Failure   Level
a - Beastly Appendage     Tmut           26%          13%         1
b - Wereblood             Tmut           13%          17%         2
c - Spider Form           Tmut/Pois      4%           47%         3

Your spell library contained the following spells:

 Spells                   Type           Power        Failure   Level
 Ice Form                 Ice/Tmut       8%           83%         4
 Blade Hands              Tmut           6%           89%         5


Dungeon Overview and Level Annotations

Branches:
Dungeon (1/1)

Altars:


Innate Abilities, Weirdness & Mutations

You cannot wear most types of armour.
You are very stealthy in the water. (Stealth+)
((You are amphibious.))
You can wear up to eight rings at the same time.
((You can use your tentacles to constrict eight enemies at once.))
((Your skin changes colour to match your surroundings (Stealth+).))
((Your rubbery body absorbs attacks. (AC +1, EV +1)))
((One of your tentacles bears a spike.))
You are agile. (Dex +2)


Message History

You turn into a venomous arachnid creature.
You open the door.
A water elemental comes into view.
There is an open door to the Ecumenical Temple here.
The helpless water elemental fails to defend itself.
You hit the water elemental.
The water elemental is lightly damaged.
The water elemental hits you!
Unknown command.
You hit the water elemental but do no damage.
The water elemental is lightly damaged.
The water elemental misses you.
You hit the water elemental.
The water elemental is lightly damaged.
The water elemental misses you.
You hit the water elemental but do no damage.
The water elemental is lightly damaged.
The water elemental hits you!
Ouch! That really hurt!
You die...

▓▓▓▓▓▓ ▓▓▓ .#...####
##.# .#......#####..#
##...)...#..#..#
.##.##...#..#..###+#+###
.##.###..##'#..#........
####.##..###...'sE......
##..##..####...#...#####
....##..###....#.⌠.#
#..##...##.†...#...#
†.##....#......#+###
.###..##.#.....# .# #..
####....# ▓▓ ▓▓▓ ▓▓▓▓▓▓


You could see a water elemental.

Vanquished Creatures
  Jessica (D)
  A human (D)
  An ooze (D)
  A phantom (D)
  2 rats (D)
6 creatures vanquished.

Notes
Turn   | Place    | Note
-------+----------+-------------------------------------------
     0 | D        | mhtbhm the Octopode Transmuter began the quest for the Orb.
     0 | D        | Reached XP level 1. HP: 13/13 MP: 3/3
    14 | D        | Reached skill level 4 in Unarmed Combat
    29 | D        | Noticed Jessica
    34 | D        | Killed Jessica
    35 | D        | Reached skill level 5 in Unarmed Combat
    35 | D        | Reached XP level 2. HP: 8/18 MP: 2/5
    35 | D        | Reached XP level 3. HP: 11/23 MP: 2/7
   212 | D        | Learned a level 2 spell: Wereblood
   216 | D        | Learned a level 3 spell: Spider Form
   579 | D        | Reached skill level 1 in Stealth
   641 | D        | Gained mutation: You are agile. (Dex +2) [potion of
                  | mutation]
   641 | D        | Gained mutation: One of your tentacles bears a spike.
                  | [potion of mutation]
   647 | D        | Noticed a water elemental
   653 | D        | Slain by a water elemental

Illustrated notes

Levels and vault maps discovered:
D:        dungeon_sprint_mu [sprint_mu_entry_cave, sprint_mu_temple_rooms,
          sprint_mu_d1_horrors, sprint_mu_d2_genie, sprint_mu_d3_branching,
          sprint_mu_orc_legion, sprint_mu_elf_gauntlet, sprint_mu_hive_nellie,
          sprint_mu_lair_fedhas, sprint_mu_vaults_butterflies,
          sprint_mu_slime_circle, sprint_mu_swamp_cave, sprint_mu_shoals_kraken,
          sprint_mu_blade_basic, sprint_mu_crypt_chambers,
          sprint_mu_tomb_spiral, sprint_mu_vestibule_basic,
          sprint_mu_gehenna_hellfire, sprint_mu_dis_giant,
          sprint_mu_tartarus_statrot, sprint_mu_cocytus_islands, sprint_mu_zot1]

Skill      XL: |  1  2  3 |
---------------+----------+-----
Unarmed Combat | 5 |  5.7
Transmutations | 3 |  3.6
Spellcasting   | 3 |  3.4
Dodging        | 3 |  3.0
Stealth        | 1 |  1.4
Fighting       | |  1.1
Poison Magic   | |  0.4

Action                   || total
-------------------------++-------
Melee: Unarmed           ||    26
       Constrict         ||     3
       Kick              ||     2
       Tentacles         ||     2
 Cast: Beastly Appendage ||     2
       Spider Form       ||     2
       Wereblood         ||     1
  Use: Potion            ||     1
 Stab: Sleeping          ||     4
Armor: Skin              ||     1
Dodge: Dodged            ||    17

Table legend: (Time is in decaauts)
 A = Elapsed time spent in this place.
 B = Non-inter-level travel time spent in this place.
 C = Inter-level travel time spent in this place.
 D = Time resting spent in this place.
 E = Time spent auto-exploring this place.
 F = Levels seen in this place.
 G = Mean time per level.
                   A        B        C        D        E       F      G
               +--------+--------+--------+--------+--------+-----+--------+
         Total |    656 |    656 |      0 |    541 |     19 |   1 |  656.0 |
       Dungeon |    656 |    656 |      0 |    541 |     19 |   1 |  656.0 |
               +--------+--------+--------+--------+--------+-----+--------+

Top non-repeatable levels by time:
       D: 656 daAuts
